 Dungeon Crawl Stone Soup version 0.31-a0-986-g5e6e4ef867 (webtiles) character file.

Game seed: 16641869332185410629

5651 quinnr the Fighter (level 10, -12/71 HPs)
             Began as a Tengu Air Elementalist on Nov 24, 2023.
             Was a Priest of Vehumet.
             Killed by an exploding gnoll (32 damage)
             ... ignited by their inner flame
             ... on level 8 of the Dungeon.
             The game lasted 00:25:05 (11496 turns).

quinnr the Fighter (Tengu Air Elementalist)        Turns: 11496, Time: 00:25:05

Health: -12/71     AC:  4    Str: 16    XL:     10   Next: 74%
Magic:  3/17       EV: 18    Int: 19    God:    Vehumet [***...]
Gold:   642        SH:  5    Dex: 14    Spells: 5/17 levels left

rFire   . . .        E - staff of air {!a}
rCold   . . .        (no shield)
rNeg    . . .        a - +0 robe
rPois   .            (helmet restricted)
rElec   +            G - +1 cloak
rCorr   .            (no gloves)
SInv    .            (boots unavailable)
Will    .....        h - amulet of reflection
Stlth   +++          S - +6 ring of strength
HPRegen 0.31/turn    (no ring)
MPRegen 0.15/turn

%: reflection, acrobat
@: flying, studying Fighting
A: beak, talons 3, evasive flight, acrobatic
a: Renounce Religion


You were on level 8 of the Dungeon.
You worshipped Vehumet.
Vehumet was most pleased with you.
You visited 1 branch of the dungeon, and saw 10 of its levels.
You also visited: Bailey.

You collected 642 gold pieces.


Innate Abilities, Weirdness & Mutations

You have a beak for a mouth.
You have claws for feet.
Your magical flight helps you evade attacks. (EV +4)
You can magically evade attacks while moving or waiting.


   Skills:
 + Level 11.8 Fighting
 - Level 6.0 Dodging
 - Level 5.0 Stealth
 - Level 4.0 Spellcasting
 - Level 4.0 Conjurations
 - Level 11.0 Air Magic
 - Level 4.0 Poison Magic
 - Level 2.0 Evocations


You had 5 spell levels left.
You knew the following spells:

 Your Spells              Type           Power      Damage    Failure   Level
a - Airstrike             Air            31%        2d(5-21)  1%          4
i - Swiftness             Air            62%        N/A       1%          3
p - Poisonous Vapours     Pois/Air       96%        N/A       1%          2
t - Static Discharge      Conj/Air       96%        3-7/arc   1%          2
z - Shock                 Conj/Air       100%       1d9       1%          1

Your spell library contained the following spells:

 Spells                   Type           Power      Damage    Failure   Level
 Mephitic Cloud           Conj/Pois/Air  41%        N/A       1%          3
 Kiss of Death            Conj/Necr      44%        2d8       1%          1
 Momentum Strike          Conj/Tloc      22%        3d8       2%          2
 Inner Flame              Hex/Fire       3%         N/A       11%         3
 Slow                     Hex            12%        N/A       14%         1
 Blink                    Tloc           6%         N/A       21%         2
 Ensorcelled Hibernation  Hex/Ice        6%         N/A       21%         2
 Lesser Beckoning         Tloc           6%         N/A       21%         2
 Passwall                 Tmut/Erth      2%         N/A       21%         2
 Confusing Touch          Hex            3%         N/A       38%         3
 Sigil of Binding         Hex            3%         N/A       38%         3
 Vampiric Draining        Necr           3%         2d6       38%         3
 Yara's Violent Unravell  Hex/Tmut       1%         3d3       65%         5
 Dispel Undead            Necr           3%         3d7       80%         4
 Enfeeble                 Hex            1%         N/A       100%        7

Inventory:

Hand Weapons
 p - a +3 spectral club
 q - a +0 dagger of venom
 r - the +8 demon trident "Rift" {distort, reach+}
   (You found it in a bailey)
 y - a +3 vampiric dagger
Missiles
 d - a throwing net {=f}
 z - 17 poisoned darts
Armour
 a - a +0 robe (worn)
 G - a +1 cloak (worn)
Magical Staves
 E - a staff of air (weapon) {!a}
Jewellery
 h - an amulet of reflection (around neck)
 C - a ring of ice
 S - a +6 ring of strength (left hand)
Wands
 o - a wand of iceblast (28)
 A - a wand of charming (12)
 F - a wand of quicksilver (4)
Scrolls
 c - 3 scrolls of teleportation {@r2}
 e - a scroll of silence {unknown}
 f - 4 scrolls of enchant armour
 j - a scroll of torment {unknown}
 k - a scroll of amnesia {unknown}
 l - a scroll of immolation
 n - a scroll of fog {unknown}
 u - a scroll of vulnerability {unknown}
 x - a scroll of poison
 H - a scroll of identify {@r1}
 I - a scroll of fear
 J - a scroll of enchant weapon
 L - 2 scrolls of noise {unknown}
 M - a scroll of revelation
Potions
 b - a potion of magic
 g - a potion of haste {@q3}
 i - 2 potions of brilliance
 m - a potion of berserk rage {unknown}
 s - 2 potions of curing {@q1}
 t - a potion of attraction {unknown}
 v - a potion of heal wounds {unknown}
 w - 2 potions of enlightenment {unknown}
 B - a potion of invisibility
 D - a potion of might
 K - a potion of mutation {unknown}

Dungeon Overview and Level Annotations

Branches:
Dungeon (10/15)            Temple (0/1) D:7          Bailey (visited)
   Lair: D:8-11         Orc: D:9-12

Altars:
Ashenzari
Gozag
Kikubaaqudgha
Makhleb
Nemelex Xobeh
Sif Muna
Trog
Vehumet
Wu Jian
Yredelemnul

Annotations:
D:4 3 runed translucent doors, oj3oj3's ghost, amateur MiBe
D:6 exclusion: steam dragon
D:8 Gastronok

# #.#'####
####.#▒≈
#.#..°○..#
#....#▒≈
#....○.°.#
#.##.#▒≈ #.g○g☼§#
#.#..#▒▒
#....☼§###
#.#.##..
#....))'§#
▒▒▒▒##..
#.(....#○### ▒....
#.#.#+##§☼○# ▒##..
#.>.....°#@# #..
#........#§# #..
#........§○# #<.
#.......§### #..
####........# #..
...........F###.
#..
#####...........##
###
..................
##...............w


You could see a gnoll (poisoned).


Message History

Unknown command.
As you read the scroll labelled JERYOFR OTHRIA, it crumbles to dust.
The creatures around you are filled with an inner flame!
It was a scroll of immolation.
Flame seeps out of the gnoll.
The butterfly is engulfed in poison gas.
The butterfly is poisoned.
The butterfly disappears in a burst of colours!
The butterfly explodes!
The fiery explosion engulfs Jeremiah!
Flame seeps out of Jeremiah.
Jeremiah is almost dead.
The fiery explosion engulfs you!
* * * LOW HITPOINT WARNING * * *
The gnoll is engulfed in blazing flames.
Flame seeps out of the gnoll.
Jeremiah is engulfed in blazing flames.
Vehumet accepts your kill.
You feel your power returning.
Jeremiah explodes!
You hear a horrible gurgling sound!
Your life force feels restored.
Unknown command.
Unknown command.
Unknown command.
Unknown command.
It was a potion of curing.
You feel better. Vehumet accepts your kill.
Vehumet offers you knowledge of Mephitic Cloud.
You feel your power returning.
The gnoll explodes!
The fiery explosion engulfs you!!
You die...

Skill      XL: |  1  2  3  4  5  6  7  8  9 10 |
---------------+-------------------------------+-----
Air Magic      | 5 6 8 9 10 11 | 11.0
Fighting       | 1 2 3 4 6 7 11 | 11.8
Conjurations   | 2 4 |  4.0
Dodging        | 3 5 6 |  6.0
Spellcasting   | 3 4 |  4.0
Evocations     | 2 |  2.0
Poison Magic   | 2 4 |  4.0
Stealth        | 4 5 |  5.0

Action                     |  1- 3 |  4- 6 |  7- 9 | 10-12 || total
---------------------------+-------+-------+-------+-------++-------
  Melee: Unarmed           |     6 |     3 |       |       ||     9
         Kick              |     2 |     1 |     8 |     1 ||    12
         Peck              |     1 |     4 |       |       ||     5
         Club              |       |     3 |     1 |       ||     4
         Dagger            |       |       |    15 |     1 ||    16
   Cast: Shock             |    55 |   132 |   133 |    13 ||   333
         Static Discharge  |       |     4 |    14 |     7 ||    25
         Airstrike         |       |     4 |    49 |    39 ||    92
         Poisonous Vapours |       |       |    17 |    18 ||    35
         Swiftness         |       |       |     2 |     1 ||     3
    Use: Scroll            |       |       |     9 |     5 ||    14
         Potion            |       |       |       |     1 ||     1
 Armour: Robe              |     4 |    20 |    39 |    28 ||    91
  Dodge: Dodged            |     9 |    28 |    68 |    22 ||   127
  Block: Other             |       |       |     5 |     3 ||     8

Levels and vault maps discovered:
D:1:      lightli_molten_gateway, layout_basic
D:2:      layout_rooms, uniq_jessica
D:3:      layout_basic, bloody_trog, lemuel_crystal_altar,
          ebering_ecumenical_altar_petrified, uniq_ijyb
D:4:      layout_layer_cave, vehumet_statue, biasface_ghost_orc_armoury
D:5:      cheibrodos_fertilizer, layout_loops_ring
D:6:      layout_loops_ring, pdpol_wu_jian_five_deadly_venoms
D:7:      layout_rooms, grunt_gozag_breadcrumbs, minmay_temple_entry_ruins,
          enter_bailey_5
D:8:      layout_basic, marbit_many_paths, ebering_ghost_disaster_area,
          grunt_decor_cap, minmay_strange_pillars, kennysheep_generic_room_16,
          uniq_jeremiah, uniq_gastronok, uniq_maurice
D:9:      layout_grid_maze, evilmike_butchery
D:10:     layout_stronghold, hellmonk_lair_entry_icy, item_on_display_a

Notes
Turn   | Place    | Note
-------+----------+-------------------------------------------
     0 | D:1      | quinnr the Tengu Air Elementalist began the quest for the
                  | Orb.
     0 | D:1      | Reached XP level 1. HP: 10/10 MP: 4/4
   240 | D:1      | Reached XP level 2. HP: 15/15 MP: 3/6
   360 | D:1      | Reached skill level 5 in Air Magic
   673 | D:2      | Noticed Jessica
   684 | D:1      | Killed Jessica
   685 | D:1      | Reached skill level 1 in Fighting
   685 | D:1      | Reached XP level 3. HP: 15/20 MP: 2/7
  1123 | D:2      | Reached XP level 4. HP: 26/26 MP: 5/8
  1292 | D:2      | Reached skill level 2 in Fighting
  1292 | D:2      | Reached skill level 6 in Air Magic
  1969 | D:3      | Found a burning altar of Makhleb.
  2018 | D:3      | Reached XP level 5. HP: 29/30 MP: 6/9
  2295 | D:3      | Found a bloodstained altar of Trog.
  2591 | D:3      | Reached skill level 7 in Air Magic
  2827 | D:3      | Noticed Ijyb
  2834 | D:3      | Learned a level 4 spell: Airstrike
  2837 | D:3      | Learned a level 2 spell: Static Discharge
  2841 | D:3      | Found a faded altar of an unknown god.
  2897 | D:3      | Killed Ijyb
  3489 | D:4      | Found a runed translucent gate.
  3490 | D:4      | Found a runed translucent gate.
  3490 | D:4      | Identified the +0 chain mail of Cimucw Bamai {Will+}
  3490 | D:4      | Noticed oj3oj3's ghost (amateur MiBe)
  3491 | D:4      | Found a runed translucent gate.
  3793 | D:4      | Found a radiant altar of Vehumet.
  3795 | D:4      | Noticed a charred statue
  3796 | D:4      | Killed a charred statue
  3797 | D:4      | Reached skill level 8 in Air Magic
  3797 | D:4      | Reached XP level 6. HP: 35/35 MP: 5/10
  3802 | D:4      | Became a worshipper of Vehumet
  3974 | D:4      | Reached skill level 2 in Conjurations
  4235 | D:5      | Entered Level 5 of the Dungeon
  4274 | D:4      | Reached skill level 3 in Dodging
  4546 | D:5      | Reached skill level 3 in Fighting
  4546 | D:5      | Reached skill level 3 in Spellcasting
  4546 | D:5      | Gained mutation: Your magical flight helps you evade
                  | attacks. (EV +4) [Tengu growth]
  4546 | D:5      | Reached XP level 7. HP: 30/41 MP: 3/12
  5454 | D:5      | Reached * piety under Vehumet
  5454 | D:5      | Offered knowledge of Sandblast by Vehumet.
  5455 | D:5      | Reached skill level 4 in Fighting
  5455 | D:5      | Reached skill level 4 in Spellcasting
  5502 | D:5      | Found an opulent altar of Gozag.
  5502 | D:5      | Found a broken altar of Ashenzari.
  5502 | D:5      | Found a sparkling altar of Nemelex Xobeh.
  5502 | D:5      | Found a basalt altar of Yredelemnul.
  5502 | D:5      | Found an ancient bone altar of Kikubaaqudgha.
  5502 | D:5      | Found a shimmering blue altar of Sif Muna.
  5502 | D:5      | Noticed a slime creature
  5502 | D:5      | Noticed a slime creature
  5502 | D:5      | Noticed a slime creature
  5514 | D:5      | Reached skill level 9 in Air Magic
  5514 | D:5      | Reached XP level 8. HP: 48/48 MP: 9/15
  5524 | D:5      | Killed a slime creature
  5525 | D:5      | Reached skill level 3 in Conjurations
  5525 | D:5      | Reached skill level 1 in Evocations
  6075 | D:5      | Reached skill level 2 in Evocations
  6320 | D:5      | Killed a slime creature
  6321 | D:5      | Reached skill level 5 in Fighting
  6321 | D:5      | Reached skill level 4 in Conjurations
  6695 | D:5      | Killed a slime creature
  6696 | D:5      | Reached skill level 4 in Dodging
  7231 | D:6      | Reached skill level 6 in Fighting
  7231 | D:6      | Reached skill level 5 in Dodging
  7235 | D:6      | Learned a level 3 spell: Swiftness
  7384 | D:6      | Reached XP level 9. HP: 40/55 MP: 6/16
  7742 | D:6      | Found an ornate altar of the Wu Jian Council.
  7749 | D:6      | Noticed a spectral centipede
  8364 | D:7      | You are sucked into a shaft and drop 3 floors!
  8364 | D:10     | Entered Level 10 of the Dungeon
  8395 | D:9      | Offered knowledge of Poisonous Vapours by Vehumet.
  8396 | D:9      | Reached skill level 6 in Dodging
  8396 | D:9      | Reached skill level 10 in Air Magic
  8423 | D:8      | Noticed Maurice
  8427 | D:8      | Maurice stole a ring of ice
  8436 | D:7      | Found a flagged portal.
  8445 | Bailey   | Entered a bailey
  8462 | Bailey   | Reached ** piety under Vehumet
  8675 | Bailey   | Reached skill level 7 in Fighting
  8762 | Bailey   | Learned a level 2 spell: Poisonous Vapours
  8828 | Bailey   | Reached skill level 1 in Poison Magic
  8831 | Bailey   | Reached skill level 3 in Stealth
  9112 | Bailey   | Reached skill level 2 in Poison Magic
  9268 | Bailey   | Reached skill level 4 in Stealth
  9289 | Bailey   | Offered knowledge of Scorch by Vehumet.
  9290 | Bailey   | Reached XP level 10. HP: 63/63 MP: 3/17
  9401 | Bailey   | Reached skill level 11 in Air Magic
  9401 | Bailey   | Reached skill level 3 in Poison Magic
  9669 | Bailey   | Found the +8 demon trident "Rift" {distort, reach+}
  9708 | Bailey   | Reached skill level 5 in Stealth
  9717 | Bailey   | Reached skill level 4 in Poison Magic
  9908 | Bailey   | Reached skill level 8 in Fighting
 10061 | D:7      | Something stole the +8 demon trident "Rift" {distort,
                  | reach+}
 10062 | D:7      | Killed Maurice
 10063 | D:7      | Reached skill level 9 in Fighting
 10183 | D:7      | Found a staircase to the Ecumenical Temple.
 10573 | D:7      | Reached *** piety under Vehumet
 10705 | D:7      | Found an opulent altar of Gozag.
 10901 | D:8      | Reached skill level 10 in Fighting
 11139 | D:8      | Identified a scroll of acquirement
 11139 | D:8      | Identified the "Vuyfoemm" (You acquired it on level 8 of
                  | the Dungeon)
 11139 | D:8      | Acquired a staff of air
 11384 | D:8      | Reached skill level 11 in Fighting
 11437 | D:8      | Noticed Gastronok
 11461 | D:8      | Noticed Jeremiah
 11495 | D:8      | Killed Jeremiah
 11496 | D:8      | Offered knowledge of Mephitic Cloud by Vehumet.
 11496 | D:8      | Killed by an exploding gnoll... ignited by their inner
                  | flame

Vanquished Creatures
  Maurice (D:7)
  Jeremiah (D:8)
  A hornet (D:8)
  3 slime creatures (D:5)
  A shadow (D:9)
  3 water moccasins
  9 orc warriors (Bailey)
  An ice beast (D:8)
  2 ogres
  11 centaurs
  2 phantoms (D:7)
  2 kobold brigands (D:5)
  2 bullfrogs
  3 gnoll sergeants
  2 scorpions (D:5)
  4 killer bees (D:8)
  9 jellies
  2 hounds
  An iguana (D:4)
  3 orc priests
  Jessica (D:1)
  Ijyb (D:3)
  7 orc wizards
  A statue (D:4)
  12 gnolls
  10 adders
  A white imp (D:7)
  3 worms
  A dart slug (D:1)
  38 orcs
  5 bats
  7 endoplasms
  3 giant cockroaches
  11 goblins
  5 hobgoblins
  4 jackals (D:5)
  5 quokkas
  7 ball pythons
  8 frilled lizards
  12 kobolds
  3 rats
208 creatures vanquished.

Table legend: (Time is in decaauts)
 A = Elapsed time spent in this place.
 B = Non-inter-level travel time spent in this place.
 C = Inter-level travel time spent in this place.
 D = Time resting spent in this place.
 E = Time spent auto-exploring this place.
 F = Levels seen in this place.
 G = Mean time per level.
                   A        B        C        D        E       F      G
               +--------+--------+--------+--------+--------+-----+--------+
         Total |  11494 |  11101 |    393 |   1621 |   7821 |  11 | 1044.9 |
       Dungeon |   9892 |   9499 |    393 |   1129 |   7014 |  10 |  989.2 |
        Bailey |   1602 |   1602 |      0 |    492 |    807 |   1 | 1602.0 |
               +--------+--------+--------+--------+--------+-----+--------+

Top non-repeatable levels by time:
     D:5: 2800 daAuts
  Bailey: 1602 daAuts
     D:4: 1264 daAuts
     D:6: 1263 daAuts
     D:1: 1185 daAuts
     D:3: 1120 daAuts
     D:2: 784 daAuts
     D:7: 772 daAuts
     D:8: 640 daAuts
     D:9: 35 daAuts
    D:10: 22 daAuts

Table legend:
 A = Non-vault XP
 B = Vault XP
 C = Vault XP percentage of total XP
 D = Non-vault monster count
 E = Vault monster count
 F = Vault count percentage of total count
                 A         B        C        D         E       F
            +---------+---------+-------+---------+---------+-------
      Total |    3796 |    4291 |  53.1 |     136 |      72 |  34.6
            +---------+---------+-------+---------+---------+-------
        D:1 |      35 |      37 |  51.4 |      22 |       1 |   4.3
        D:2 |      76 |       0 |   0.0 |      20 |       0 |   0.0
        D:3 |      76 |      36 |  32.1 |      17 |       1 |   5.6
        D:4 |     265 |      32 |  10.8 |      11 |       1 |   8.3
        D:5 |    1042 |     622 |  37.4 |      24 |      17 |  41.5
        D:6 |     728 |       0 |   0.0 |      17 |       0 |   0.0
        D:7 |     666 |     464 |  41.1 |      12 |       5 |  29.4
        D:8 |     685 |     698 |  50.5 |      12 |       3 |  20.0
        D:9 |     223 |       0 |   0.0 |       1 |       0 |   0.0
     Bailey |       0 |    2402 | 100.0 |       0 |      44 | 100.0
            +---------+---------+-------+---------+---------+-------

Levels and vault maps discovered:
D:1:      lightli_molten_gateway, layout_basic
D:2:      layout_rooms, uniq_jessica
D:3:      layout_basic, bloody_trog, lemuel_crystal_altar,
          ebering_ecumenical_altar_petrified, uniq_ijyb
D:4:      layout_layer_cave, vehumet_statue, biasface_ghost_orc_armoury
D:5:      cheibrodos_fertilizer, layout_loops_ring
D:6:      layout_loops_ring, pdpol_wu_jian_five_deadly_venoms
D:7:      layout_rooms, grunt_gozag_breadcrumbs, minmay_temple_entry_ruins,
          enter_bailey_5
D:8:      layout_basic, marbit_many_paths, ebering_ghost_disaster_area,
          grunt_decor_cap, minmay_strange_pillars, kennysheep_generic_room_16,
          uniq_jeremiah, uniq_gastronok, uniq_maurice
D:9:      layout_grid_maze, evilmike_butchery
D:10:     layout_stronghold, hellmonk_lair_entry_icy, item_on_display_a
